 Dungeon Crawl Stone Soup version 0.26-a0-30-g56b8cd3df0 (webtiles) character file.

Game seed: 13436553849579707402, levelgen mode: deterministic

161 vurker the Magician (level 5, -2/38 HPs)
             Began as a Human Wizard on May 31, 2020.
             Slain by Grinder (3 damage)
             ... on level 3 of the Dungeon.
             The game lasted 00:04:19 (3416 turns).

vurker the Magician (Human Wizard)                  Turns: 3416, Time: 00:04:19

Health: -2/38      AC:  3    Str:  7    XL:     5   Next: 70%
Magic:  0/11       EV: 12    Int: 20    God:
Gold:   178        SH:  0    Dex: 11    Spells: 7/12 levels left

rFire    . . .     SeeInvis .   i - +0 short sword
rCold    . . .     Gourm    .   (no shield)
rNeg     . . .     Faith    .   a - +0 robe
rPois    .         Spirit   .   b - +0 hat
rElec    .         Reflect  .   h - +0 cloak
rCorr    +         Harm     .   (no gloves)
MR       .....                  (no boots)
Stlth    ++........             (no amulet)
HPRegen  0.12/turn              w - ring of resist corrosion
MPRegen  0.12/turn              (no ring)

@: no status effects
A: no striking features
a: no special abilities


You were on level 3 of the Dungeon.
You were not hungry.

You visited 1 branch of the dungeon, and saw 3 of its levels.

You collected 178 gold pieces.

Inventory:

Hand Weapons
 i - a +0 short sword (weapon)
   (You took it off a kobold on level 1 of the Dungeon)
Armour
 a - a +0 robe (worn)
 b - a +0 hat (worn)
 h - a +0 cloak (worn)
   (You found it on level 1 of the Dungeon)
Jewellery
 w - a ring of resist corrosion (left hand)
   (You found it on level 3 of the Dungeon)
Scrolls
 c - a scroll of magic mapping {unknown}
 d - 6 scrolls of identify {unknown}
 g - 8 scrolls of remove curse {unknown}
 k - a scroll of noise {unknown}
 l - a scroll of enchant weapon {unknown}
 m - a scroll of teleportation {unknown}
 n - a scroll of fog {unknown}
 p - a scroll of blinking {unknown}
 v - a scroll of fear {unknown}
Potions
 f - 2 potions of flight {unknown}
 j - 3 potions of curing {unknown}
 o - a potion of resistance {unknown}
 q - a potion of haste {unknown}
 r - a potion of lignification {unknown}
 t - a potion of heal wounds {unknown}
 u - a potion of stabbing {unknown}
Comestibles
 e - 3 rations
 s - a chunk of flesh


   Skills:
 + Level 1.9 Fighting
 - Level 2.0 Dodging
 - Level 2.0 Stealth
 * Level 4.3 Spellcasting
 + Level 3.0 Conjurations
 - Level 1.0 Summonings
 - Level 1.0 Translocations


You had 7 spell levels left.
You knew the following spells:

 Your Spells              Type           Power        Failure   Level  Hunger
a - Magic Dart            Conj           ###.         3%          1    None
b - Call Imp              Summ           #.......     12%         2    #......
w - Blink                 Tloc           N/A          12%         2    #......

Your spell library contained the following spells:

 Spells                   Type           Power        Failure   Level  Hunger
 Slow                     Hex            #.......     19%         2    #......
 Conjure Flame            Conj/Fire      ##......     21%         3    ###....
 Mephitic Cloud           Conj/Pois/Air  #.......     24%         3    ###....


Dungeon Overview and Level Annotations

Branches:
Dungeon (3/15)

Altars:

Annotations:
D:3 Grinder


Message History

Okay, then.
Unknown command.
You hit the kobold but do no damage. Grinder hits your crimson imp!
Your crimson imp dies!
The kobold barely misses you.
Your crimson imp barely misses Grinder.
Your white imp barely misses Grinder.
You closely miss the kobold. The kobold hits you with a +0 dagger.
Grinder hits you!
You don't have enough magic to cast that spell.
You barely miss the kobold. The kobold hits you with a +0 dagger.
* * * LOW HITPOINT WARNING * * *
Your crimson imp hits Grinder but does no damage.
Your white imp hits Grinder.
Your white imp freezes Grinder.
Grinder resists.
Grinder misses you.
You hit Grinder. The kobold hits you but does no damage.
Your crimson imp barely misses Grinder.
Your white imp gestures at Grinder.
The puff of frost hits Grinder.
Grinder resists.
Grinder gestures at your white imp.
Your white imp suddenly stops moving!
The kobold barely misses you.
You hit Grinder.
Your crimson imp hits Grinder.
Grinder closely misses your crimson imp.
The kobold hits you but does no damage.
Your crimson imp blinks!
You hit Grinder.
Grinder rolls her eyes.
Grinder hits you.
* * * LOW HITPOINT WARNING * * *
You writhe in agony.
* * * LOW HITPOINT WARNING * * *
The kobold barely misses you.
You hit Grinder. Grinder hits you but does no damage.
The kobold closely misses you. What are your orders? t - Shout!
Orders for allies: a - Attack new target. p - Attack previous target. r - Retreat! s - Stop attacking. g - Guard the area. f - Follow me.
Anything else - Cancel.
Gang up on whom?
Aim: Grinder (severely wounded) Attack!
Grinder hits you!
* * * LOW HITPOINT WARNING * * *
The kobold closely misses you.
Your crimson imp misses the kobold.
Unknown command.
Unknown command.
A beastly little devil appears in a puff of frigid air.
Grinder hits you.
You die...

#...##....##...#...............
#...# ....##.###...............
##...###...##.(.................
##..........##...................
.......##...##.........[.........
............##...................
........##..##5....####..........
.....##.##.......................
...........###..@5.....########..
.............+...K5....# ..
[......<...###...5.....# .
...(.......###.........#
.............#..........
...........<............
#.......................
#...##..................
#...##.............


You could see Grinder, a kobold, a friendly crimson imp (summoned) and 2
friendly white imps.

Vanquished Creatures
  6 adders
  2 oozes (D:1)
  A worm (D:2)
  A dart slug (D:1)
  2 leopard geckos (D:2)
  4 orcs (D:3)
  5 giant cockroaches
  8 goblins
  3 hobgoblins
  2 jackals (D:2)
  2 ball pythons (D:2)
  12 bats
  3 frilled lizards
  9 kobolds
  4 rats
64 creatures vanquished.

Vanquished Creatures (collateral kills)
  An iguana (D:2)
  A worm (D:3)
2 creatures vanquished.

Grand Total: 66 creatures vanquished

Notes
Turn   | Place    | Note
-------+----------+-------------------------------------------
     0 | D:1      | vurker the Human Wizard began the quest for the Orb.
     0 | D:1      | Reached XP level 1. HP: 13/13 MP: 4/4
    60 | D:1      | Reached XP level 2. HP: 19/20 MP: 0/6
   643 | D:1      | Learned a level 2 spell: Call Imp
   646 | D:1      | Learned a level 2 spell: Blink
   812 | D:1      | Reached XP level 3. HP: 25/25 MP: 0/7
   994 | D:1      | Reached skill level 1 in Fighting
  1571 | D:2      | Reached XP level 4. HP: 32/32 MP: 5/9
  2012 | D:2      | Reached XP level 5. HP: 14/37 MP: 0/10
  2281 | D:2      | Reached skill level 4 in Spellcasting
  3389 | D:3      | Noticed Grinder
  3415 | D:3      | HP: 1/38 [Grinder (8)]
  3416 | D:3      | Slain by Grinder

Illustrated notes

Levels and vault maps discovered:
D:1:      dpeg_arrival_simpleton_b, layout_rooms
D:2:      layout_rooms
D:3:      layout_basic, lemuel_doored_altar, gup_sewer_entry_spiral,
          eino_curves_03, uniq_grinder

Skill      XL: |  1  2  3  4  5 |
---------------+----------------+-----
Fighting       | 1 |  1.9
Conjurations   | 2 3 |  3.0
Spellcasting   | 4 |  4.3
Dodging        | |  2.0
Stealth        | |  2.0
Summonings     | |  1.0
Translocations | |  1.0

Action                   |  1- 3 |  4- 6 || total
-------------------------+-------+-------++-------
Melee: Unarmed           |    32 |       ||    32
       Short sword       |     8 |    38 ||    46
 Cast: Magic Dart        |    65 |   107 ||   172
       Call Imp          |       |     6 ||     6
  Eat: Chunk             |     1 |     7 ||     8
Armor: Robe              |     5 |     8 ||    13
Dodge: Dodged            |    34 |    35 ||    69

Table legend:
 A = Non-vault XP
 B = Vault XP
 C = Vault XP percentage of total XP
 D = Non-vault monster count
 E = Vault monster count
 F = Vault count percentage of total count
                 A         B        C        D         E       F
            +---------+---------+-------+---------+---------+-------
      Total |     230 |       0 |   0.0 |      66 |       0 |   0.0
            +---------+---------+-------+---------+---------+-------
        D:1 |      41 |       0 |   0.0 |      17 |       0 |   0.0
        D:2 |     123 |       0 |   0.0 |      27 |       0 |   0.0
        D:3 |      66 |       0 |   0.0 |      22 |       0 |   0.0
            +---------+---------+-------+---------+---------+-------
